 Dungeon Crawl Stone Soup version 0.28.0-53-g5a82cb258f (webtiles) character file.

Game seed: 14457258030394345097

2184 cbfl8 the Cleaver (level 9, -16/79 HPs)
             Began as a Minotaur Berserker on July 26, 2022.
             Was an Elder of Trog.
             Demolished by Joseph
             ... wielding a +1 quarterstaff of pain
              (19 damage)
             ... on level 7 of the Dungeon.
             The game lasted 00:10:32 (6381 turns).

cbfl8 the Cleaver (Minotaur Berserker)              Turns: 6381, Time: 00:10:33

Health: -16/79     AC: 14    Str: 23    XL:     9   Next: 11%
Magic:  8/8        EV: 14    Int:  3    God:    Trog [****..]
Gold:   201        SH:  0    Dex: 13    Spells: 8/8 levels left

rFire   . . .      SeeInvis +   o - +0 war axe
rCold   . . .      Faith    .   (no shield)
rNeg    + . .      Spirit   .   j - +0 chain mail
rPois   +          Reflect  .   (helmet restricted)
rElec   .          Harm     .   s - +2 ratskin cloak {*Rats rPois rN+ Str-1 Int-1 Dex+1}
rCorr   .          Rampage  .   h - +0 pair of gloves
Will    ++...                   (no boots)
Stlth   ..........              (no amulet)
HPRegen 1.23/turn               f - +4 ring of evasion
MPRegen 0.11/turn               a - ring of see invisible

@: strong-willed, on berserk cooldown, regenerating, slowed, studying Stealth,
very slow
A: horns 2, retaliatory headbutt
a: Renounce Religion, Berserk, Trog's Hand, Brothers in Arms


You were on level 7 of the Dungeon.
You worshipped Trog.
Trog was greatly pleased with you.
You visited 1 branch of the dungeon, and saw 7 of its levels.

You collected 267 gold pieces.
You spent 66 gold pieces at shops.

Inventory:

Hand Weapons
 o - a +0 war axe (weapon)
Armour
 h - a +0 pair of gloves (worn)
 j - a +0 chain mail (worn)
 l - a +0 cloak
 s - the +2 ratskin cloak (worn) {*Rats rPois rN+ Str-1 Int-1 Dex+1}
   (You found it on level 5 of the Dungeon)

   When the wearer is hurt, rats may emerge from it to assist them.
   Str:       It affects your strength (-1).
   Int:       It affects your intelligence (-1).
   Dex:       It affects your dexterity (+1).
   rPois:     It protects you from poison.
   rN:        It protects you from negative energy.
Jewellery
 a - a ring of see invisible (right hand)
 f - a +4 ring of evasion (left hand)
 p - a ring of protection from cold
Wands
 b - a wand of acid (4)
 i - a wand of iceblast (35) (quivered)
 m - a wand of flame (14)
 t - a wand of digging (3)
Scrolls
 d - a scroll of enchant weapon
 e - a scroll of immolation
 g - 2 scrolls of noise
 k - a scroll of acquirement
 q - a scroll of magic mapping
 r - 2 scrolls of teleportation {unknown}
 y - a scroll of vulnerability {unknown}
Potions
 c - a potion of flight {unknown}
 u - a potion of mutation {unknown}
 v - a potion of curing {unknown}
 w - a potion of lignification {unknown}
 x - a potion of brilliance {unknown}
 z - a potion of might {unknown}


   Skills:
 * Level 7.4 Fighting
 + Level 8.5 Axes
 + Level 5.4 Armour
 * Level 5.4 Dodging
 * Level 5.2 Stealth
 * Level 3.6 Evocations


You had 8 spell levels left.
You didn't know any spells.
Your spell library was empty.

Dungeon Overview and Level Annotations

Branches:
Dungeon (7/15)             Temple (0/1) D:7

Altars:
Uskayaw

Shops:
D:1 !   D:3 *!?   D:5 ([

Annotations:
D:7 Joseph


Innate Abilities, Weirdness & Mutations

You have a pair of horns on your head.
You reflexively headbutt those who attack you in melee.


Message History

You feel your anger nearly subside. Joseph hits you but does no damage.
You writhe in agony.
You barely miss Joseph.
Joseph hits you with a +1 quarterstaff of pain.
You writhe in agony.
You slice Joseph!! Your headbutt misses Joseph.
Joseph is moderately wounded.
Joseph misses you.
You barely miss Joseph.
Joseph is moderately wounded.
You are no longer berserk.
You are exhausted.
You feel yourself slow down.
Joseph hits you with a +1 quarterstaff of pain.
You slash Joseph! You headbutt Joseph, but do no damage.
Joseph is moderately wounded.
Joseph closely misses you. x2; You furiously retaliate!
You headbutt Joseph.
Joseph hits you with a +1 quarterstaff of pain!!
You are too injured to fight recklessly!
You are too injured to fight recklessly!
Blink to where?
Press: ? - help, Dir - move target
As you read the scroll of blinking, it crumbles to dust.
You fail to use your ability.
Joseph hits you with a +1 quarterstaff of pain!
* * * LOW HITPOINT WARNING * * *
Okay, then.
Okay, then.
Aiming: Iceblast
Press: ? - help, Q - select action, (/) - cycle Shift-Dir - straight line That beam is likely to hit you.
Continue anyway?
Okay, then.
Your skin crawls.
You feel strong-willed. Joseph hits you but does no damage.
You writhe in agony.
* * * LOW HITPOINT WARNING * * *
Joseph hits you with a +1 quarterstaff of pain!!
* * * LOW HITPOINT WARNING * * *
Joseph hits you with a +1 quarterstaff of pain!!
You die...

#.........# #'##..# #.........#
... ##.# #.........# .... #..
#.........# #.##...##..##..
####.........# ##.##...##.. ##.
.......$.....# #..........# #.
.............# #.....>....# ##
.............#####..........# #
.......##?.....@@...##...##.# #
....##.##.#########.##...##.#####
#### #.##.# #.:............
####.##.# ####..#########
#....##.######## ##.#
#............# #.#
#............######.#
#.#.#.#.#.#.........#
#.............########


You could see Joseph (berserk).

Vanquished Creatures
  Prince Ribbit (D:5)
  Sigmund (D:2)
  A water moccasin (D:5)
  An orc warrior (D:4)
  An ice beast (D:6)
  A centaur (D:6)
  A kobold brigand (D:6)
  2 scorpions
  A gnoll sergeant (D:6)
  A bullfrog zombie (D:6)
  6 orc priests
  3 centaur skeletons
  A gnoll shaman (D:6)
  2 hounds
  A bullfrog skeleton (D:6)
  5 orc wizards
  An iguana (D:5)
  3 hell rats (D:5)
  2 hound skeletons (D:5)
  A hound zombie (D:5)
  A howler monkey zombie (D:6)
  16 gnolls
  8 adders
  16 river rats (D:5)
  2 ufetubi
  A worm (D:5)
  2 dart slugs (D:1)
  19 orcs
  3 ball pythons
  6 bats
  7 endoplasms
  5 giant cockroaches
  5 goblins
  5 hobgoblins
  2 jackals (D:1)
  10 kobolds
  A quokka (D:1)
  3 frilled lizards
  A rat (D:1)
149 creatures vanquished.

Vanquished Creatures (others)
  An orc wizard (D:5)
1 creature vanquished.

Grand Total: 150 creatures vanquished

Notes
Turn   | Place    | Note
-------+----------+-------------------------------------------
     0 | D:1      | cbfl8 the Minotaur Berserker began the quest for the Orb.
     0 | D:1      | Reached XP level 1. HP: 19/19 MP: 0/0
   395 | D:1      | Reached XP level 2. HP: 27/27 MP: 1/1
   455 | D:1      | Reached skill level 4 in Axes
   538 | D:1      | Found Filidgha's Distillery.
   891 | D:1      | Found a faded altar of an unknown god.
  1010 | D:1      | Reached XP level 3. HP: 33/33 MP: 2/2
  1213 | D:2      | Found a hide-covered altar of Uskayaw.
  1213 | D:2      | Noticed Sigmund
  1321 | D:2      | Reached ** piety under Trog
  1756 | D:3      | Reached skill level 1 in Stealth
  1756 | D:3      | Reached XP level 4. HP: 41/41 MP: 3/3
  1926 | D:3      | Found Laqoduwea's General Store.
  1982 | D:3      | Found Duuxiras's Magic Scroll Emporium.
  1990 | D:3      | Bought a scroll of identify for 22 gold pieces
  1990 | D:3      | Bought a scroll of identify for 22 gold pieces
  1990 | D:3      | Bought a scroll of identify for 22 gold pieces
  2174 | D:3      | Found Viojun's Distillery.
  2480 | D:4      | Found a hide-covered altar of Uskayaw.
  2689 | D:4      | Reached XP level 5. HP: 41/47 MP: 4/4
  2868 | D:4      | Reached skill level 5 in Fighting
  2868 | D:4      | Reached skill level 5 in Axes
  2868 | D:4      | Reached skill level 1 in Evocations
  3407 | D:4      | Identified 2 scrolls of acquirement
  3458 | D:4      | Acquired a manual of Stealth
  3463 | D:5      | Entered Level 5 of the Dungeon
  3477 | D:5      | Reached XP level 6. HP: 56/56 MP: 5/5
  3582 | D:5      | Reached *** piety under Trog
  3820 | D:5      | Noticed an orc warrior
  3875 | D:4      | Killed an orc warrior
  3876 | D:4      | Reached skill level 6 in Axes
  3876 | D:4      | Reached XP level 7. HP: 61/61 MP: 6/6
  3992 | D:5      | Found Hamiuhum's Armour Emporium.
  4173 | D:5      | Found Ashreick's Antique Weapon Shoppe.
  4329 | D:5      | Noticed Prince Ribbit
  4348 | D:5      | Killed Prince Ribbit
  4349 | D:5      | Reached XP level 8. HP: 44/70 MP: 7/7
  4511 | D:5      | Reached skill level 7 in Axes
  4523 | D:5      | Found the +2 ratskin cloak {*Rats rPois rN+ Str-1 Int-1
                  | Dex+1}
  4780 | D:2      | Killed Sigmund
  5106 | D:6      | Reached skill level 5 in Armour
  5111 | D:6      | Reached skill level 5 in Dodging
  5329 | D:6      | Reached skill level 8 in Axes
  5381 | D:6      | Reached **** piety under Trog
  5392 | D:6      | Reached skill level 5 in Stealth
  5575 | D:6      | Reached XP level 9. HP: 79/79 MP: 8/8
  6330 | D:7      | Found a staircase to the Ecumenical Temple.
  6365 | D:7      | Noticed Joseph
  6381 | D:7      | HP: 3/79 [Joseph/+1 quarterstaff of pain (20)]
  6381 | D:7      | Demolished by Joseph

Illustrated notes

Levels and vault maps discovered:
D:1:      dpeg_arrival_tiny_a, layout_loops_corners,
          chequers_ecumenical_altar_grove, serial_shops, shop,
          serial_bayou_crossing
D:2:      layout_rooms, basic_altar, uniq_sigmund
D:3:      layout_loops_ring, serial_shops, nicolae_lakefront_shop, shop, shop,
          minmay_stone_trees_small
D:4:      layout_cave_pods, mainiacjoe_overflow_six_doors_small, feat_on_display
D:5:      wander_guarded_unrand_ratskin, layout_rooms, serial_shops,
          kennysheep_mini_moat, nicolae_shop_crystal, uniq_prince_ribbit1
D:6:      layout_basic
D:7:      layout_basic, minmay_temple_entry_stoned_glass,
          minmay_misc_feat_pillars, minmay_misc_feat_four_crosses, uniq_joseph,
          uniq_duvessa

Skill      XL: |  1  2  3  4  5  6  7  8 |
---------------+-------------------------+-----
Axes           | 4 5 6 8 |  8.5
Fighting       | 4 5 6 7 |  7.4
Dodging        | 3 4 5 |  5.4
Stealth        | 1 2 3 5 |  5.2
Evocations     | 1 2 3 |  3.6
Armour         | 3 4 5 |  5.4

Action                   |  1- 3 |  4- 6 |  7- 9 || total
-------------------------+-------+-------+-------++-------
Melee: Hand axe          |    81 |    52 |       ||   133
       Headbutt          |     9 |    19 |    39 ||    67
       Punch             |     1 |     1 |     5 ||     7
       War axe           |       |    38 |   195 ||   233
Invok: Berserk           |       |     3 |     4 ||     7
       Trog's Hand       |       |       |     1 ||     1
Evoke: Wand              |       |     2 |       ||     2
  Use: Scroll            |       |     8 |     3 ||    11
 Stab: Sleeping          |     1 |       |       ||     1
Armor: Animal skin       |    21 |       |       ||    21
       Chain mail        |       |    31 |    86 ||   117
Dodge: Dodged            |    65 |    69 |   129 ||   263
